 Dungeon Crawl Stone Soup version 0.30.1-11-g7821555f0a (webtiles) character file.

Game seed: 6620526702463838956

192 hawla the Firebug (level 5, 0/36 HPs)
             Began as a Demonspawn Fire Elementalist on Jan 5, 2024.
             Slain by Sigmund
             ... wielding a +0 scythe
              (6 damage)
             ... on level 3 of the Dungeon.
             The game lasted 00:07:10 (2648 turns).

hawla the Firebug (Demonspawn Fire Elementalist)    Turns: 2648, Time: 00:07:10

Health: 0/36       AC:  4    Str:  9    XL:     5   Next: 42%
Magic:  1/9        EV: 12    Int: 18    God:
Gold:   114        SH:  0    Dex: 13    Spells: 2/9 levels left

rFire   . . .        d - +3 quarterstaff (chaos)
rCold   . . .        (shield currently unavailable)
rNeg    . . .        a - +0 robe
rPois   .            (no helmet)
rElec   .            b - +1 cloak
rCorr   .            (no gloves)
SInv    .            (no boots)
Will    .....        (no amulet)
Stlth   ++           n - ring of wizardry
HPRegen 0.26/turn    (no ring)
MPRegen 0.11/turn

%: wizardry (x1)
@: no status effects
A: demonic guardian 1, sturdy frame 2
a: no special abilities


You were on level 3 of the Dungeon.
You visited 1 branch of the dungeon, and saw 3 of its levels.

You collected 114 gold pieces.

Inventory:

Hand Weapons
 d - a +3 quarterstaff of chaos (weapon)
Armour
 a - a +0 robe (worn)
 b - a +1 cloak (worn)
Jewellery
 n - a ring of wizardry (left hand)
Wands
 m - a wand of iceblast (9) (quivered)
Scrolls
 c - 2 scrolls of blinking
 i - 3 scrolls of teleportation
 l - a scroll of fear {unknown}
 o - a scroll of poison
 p - a scroll of magic mapping {unknown}
Potions
 e - a potion of invisibility
 f - 3 potions of lignification {unknown}
 g - a potion of heal wounds
 h - a potion of brilliance {unknown}
 j - 5 potions of curing {unknown}
 k - a potion of might {unknown}


   Skills:
 - Level 0.6 Fighting
 - Level 2.5 Dodging
 - Level 2.1 Stealth
 - Level 2.7 Spellcasting
 + Level 3.0 Conjurations
 - Level 3.3 Fire Magic
 + Level 1.3 Evocations


You had 2 spell levels left.
You knew the following spells:

 Your Spells              Type           Power      Damage    Failure   Level
a - Foxfire               Conj/Fire      56%        2x1d6     1%          1
b - Scorch                Fire           28%        2d6       2%          2
c - Flame Wave            Conj/Fire      14%        2d6       17%         4

Your spell library contained the following spells:

 Spells                   Type           Power      Damage    Failure   Level
 Sandblast                Erth           4%         2d4       7%          1
 Passwall                 Tmut/Erth      1%         N/A       11%         2
 Sublimation of Blood     Necr           2%         N/A       11%         2
 Inner Flame              Hex/Fire       8%         N/A       11%         3
 Stone Arrow              Conj/Erth      16%        3d8       11%         3
 Volatile Blastmotes      Fire/Tloc      16%        2d11      11%         3
 Petrify                  Tmut/Erth      2%         N/A       52%         4
 Irradiate                Conj/Tmut      4%         3d13      65%         5


Dungeon Overview and Level Annotations

Branches:
Dungeon (3/15)

Altars:
Okawaru

Annotations:
D:3 Sigmund


Innate Abilities, Weirdness & Mutations

A weak demonic guardian rushes to your aid.
Your movements are less encumbered by armour. (ER -4)


Message History

You miscast Scorch.
You are very lightly contaminated with residual magic.
Nothing appears to happen.
Sigmund hits you but does no damage.
Casting: Scorch (safe; 2% risk of failure)
Confirm with . or Enter, or press ? or * to list all spells.
Flames lash Sigmund.
Sigmund is burned terribly!
Sigmund is almost dead.
Casting: Scorch (safe; 2% risk of failure)
Confirm with . or Enter, or press ? or * to list all spells.
You don't have enough magic to cast this spell.
Casting: Scorch (safe; 2% risk of failure)
Confirm with . or Enter, or press ? or * to list all spells.
You don't know that spell.
Sorry, you're not good enough to have a special ability.
Casting: Scorch (safe; 2% risk of failure)
Confirm with . or Enter, or press ? or * to list all spells.
You conjure some foxfire!
Sigmund casts a spell.
Sigmund flickers and vanishes!
The foxfire hits something.
The foxfire hits something but does no damage.
Something hits you!
You hear some strange, mumbled words.
You are confused.
Something hits you.
You miss something.
Your magical contamination has completely faded away.
You barely miss something.
You hear some strange, mumbled words.
A magic dart appears from out of thin air!
The magic dart hits you!
A demonic guardian appears!
Something hits you!
You bump into the rock wall.
Your white imp closely misses something.
You bump into the rock wall.
You feel less confused. Something hits you!
* * * LOW HITPOINT WARNING * * *
Your white imp hits something but does no damage.
You miss something. Something hits you.
You die...

#.# #.#
..# #.#
#.# #.#
# #.#
#.###.#
#5{@..#
####..#
#..#
#..#
#..##
#?..#
#...#
#...#
#...#


You could see a friendly white imp (summoned).

Vanquished Creatures
  Crazy Yiuf (D:2)
  Jessica (D:2)
  Natasha (twice) (D:3)
  3 adders (D:2)
  A worm (D:3)
  A dart slug (D:1)
  5 orcs (D:3)
  7 ball pythons
  8 endoplasms
  A giant cockroach (D:1)
  2 goblins
  4 jackals (D:3)
  2 quokkas
  2 bats (D:1)
  3 frilled lizards
  5 kobolds
  3 rats (D:1)
51 creatures vanquished.

Vanquished Creatures (others)
  109 foxfires
109 creatures vanquished.

Grand Total: 160 creatures vanquished

Notes
Turn   | Place    | Note
-------+----------+-------------------------------------------
     0 | D:1      | hawla the Demonspawn Fire Elementalist began the quest for
                  | the Orb.
     0 | D:1      | Reached XP level 1. HP: 13/13 MP: 3/3
   236 | D:1      | Gained mutation: Your movements are slightly less
                  | encumbered by armour. (ER -2) [demonic ancestry]
   236 | D:1      | Reached XP level 2. HP: 11/19 MP: 0/5
   240 | D:1      | Learned a level 2 spell: Scorch
   434 | D:1      | Found a faded altar of an unknown god.
  1177 | D:2      | Gained mutation: A weak demonic guardian rushes to your
                  | aid. [demonic ancestry]
  1177 | D:2      | Reached XP level 3. HP: 24/24 MP: 4/6
  1342 | D:2      | Noticed Jessica
  1347 | D:2      | Killed Jessica
  1348 | D:2      | Reached skill level 1 in Evocations
  1348 | D:2      | Gained mutation: Your movements are less encumbered by
                  | armour. (ER -4) [demonic ancestry]
  1348 | D:2      | Reached XP level 4. HP: 31/31 MP: 3/7
  1445 | D:2      | Found an iron altar of Okawaru.
  1864 | D:2      | Found a runed translucent door.
  1865 | D:2      | Noticed Crazy Yiuf
  1872 | D:2      | Killed Crazy Yiuf
  2062 | D:3      | Learned a level 4 spell: Flame Wave
  2168 | D:3      | Noticed Natasha
  2173 | D:3      | Killed Natasha
  2174 | D:3      | Reached XP level 5. HP: 22/36 MP: 5/9
  2264 | D:3      | Noticed Sigmund
  2382 | D:3      | Noticed Natasha
  2390 | D:3      | Killed Natasha
  2648 | D:3      | Slain by Sigmund

Illustrated notes

Levels and vault maps discovered:
D:1:      dpeg_arrival_rooms_a, layout_rooms, ebering_ecumenical_altar_mist,
          nrook_loot_triangle, columned_hall_lemuel
D:2:      minmay_general_purpose_star, layout_basic, basic_altar,
          chequers_serial_rivers_micro_d, chequers_hall_statues_wall_a,
          hangedman_decor_clover_reticule, uniq_crazy_yiuf_cottage, uniq_jessica
D:3:      layout_loops_ring, uniq_natasha, uniq_sigmund

Skill      XL: |  1  2  3  4  5 |
---------------+----------------+-----
Dodging        | 2 |  2.5
Fire Magic     | 3 |  3.3
Stealth        | 2 |  2.1
Evocations     | 1 |  1.3
Conjurations   | 2 3 |  3.0
Fighting       | |  0.6
Spellcasting   | |  2.7

Action                     |  1- 3 |  4- 6 || total
---------------------------+-------+-------++-------
  Melee: Unarmed           |    31 |     3 ||    34
         Quarterstaff      |       |    28 ||    28
   Cast: Foxfire           |    47 |    12 ||    59
         Scorch            |     2 |    12 ||    14
         Flame Wave        |       |     2 ||     2
    Use: Scroll            |     4 |     3 ||     7
         Potion            |       |     1 ||     1
   Stab: Sleeping          |       |     1 ||     1
 Armour: Robe              |    16 |     4 ||    20
  Dodge: Dodged            |    32 |    17 ||    49
